 Dungeon Crawl Stone Soup version 0.20-a0-1126-g0f15420 (webtiles) character file.

754 Ijustatesigmund the Conjurer (level 7, -15/55 HPs)
             Began as a Red Draconian Conjurer on May 17, 2017.
             Demolished by an ogre
             ... wielding a +0 giant spiked club
              (23 damage)
             ... on level 4 of the Dungeon.
             The game lasted 00:14:21 (5078 turns).

Ijustatesigmund the Conjurer (DrCj)                 Turns: 5078, Time: 00:14:22

Health: -15/55     AC:  7    Str: 11    XL:     7   Next: 49%
Magic:  0/14       EV: 12    Int: 16    God:
Gold:   242        SH:  0    Dex: 12    Spells: 5/15 levels left

rFire    + . .     SeeInvis +   o - +3 quarterstaff
rCold    . . .     Gourm    .   (shield currently unavailable)
rNeg     . . .     Faith    .   (armour unavailable)
rPois    .         Spirit   .   (helmet restricted)
rElec    .         Reflect  .   w - +0 cloak {+Inv}
rCorr    .         Harm     .   (no gloves)
MR       .....                  (no boots)
Stlth    ++........             (no amulet)
Regen    0.2/turn               m - ring of see invisible
MPRegen  0.2/turn               (no ring)

@: short of breath, very slightly contaminated, drained
A: breathe fire, unfitting armour, fire resistance 1, cold-blooded, AC +6
a: Breathe Fire, Evoke Invisibility


You were on level 4 of the Dungeon.
You were very hungry.

You visited 1 branch of the dungeon, and saw 5 of its levels.

You collected 242 gold pieces.

Inventory:

Hand Weapons
 d - a +0 flail
 o - a +3 quarterstaff (weapon)
 u - a +0 whip of venom
Armour
 w - a +0 cloak of invisibility (worn)
Jewellery
 m - a ring of see invisible (left hand)
Wands
 q - a wand of digging (15/24)
Scrolls
 c - a scroll of remove curse
 e - 2 scrolls of random uselessness
 j - 2 scrolls of teleportation
 l - a scroll of magic mapping
 n - a scroll of recharging {unknown}
 s - 2 scrolls of identify
Potions
 f - a potion of flight
 h - 4 potions of curing
 k - 2 potions of agility {unknown}
 r - 2 potions of lignification
 t - a potion of cancellation {unknown}
Books
 a - a book of Conjurations

   Spells                             Type                      Level
   a - Magic Dart                     Conjuration                  1
   b - Searing Ray                    Conjuration                  2
   c - Dazzling Spray                 Conjuration/Hexes            3
   d - Fulminant Prism                Conjuration/Hexes            4
   e - Force Lance                    Conjuration/Translocation    4
   f - Iskenderun's Mystic Blast      Conjuration                  4
Comestibles
 b - 2 bread rations
 g - a royal jelly
 i - 2 meat rations


   Skills:
 - Level 2.1(1.6) Fighting
 - Level 1.7(1.3) Dodging
 - Level 1.7(1.3) Stealth
 + Level 4.9(4.5) Spellcasting
 + Level 6.0(5.4) Conjurations
 + Level 3.8(3.3) Hexes


You had 5 spell levels left.
You knew the following spells:

 Your Spells              Type           Power        Failure   Level  Hunger
a - Magic Dart            Conj           ###.         1%          1    None
b - Searing Ray           Conj           ###...       2%          2    ##.....
c - Dazzling Spray        Conj/Hex       ###...       8%          3    ###....
d - Iskenderun's Mystic   Conj           ###.....     17%         4    ####...


Dungeon Overview and Level Annotations

Branches:
Dungeon (5/15)
 Temple: D:4-7

Altars:
Kikubaaqudgha
Trog
The Shining One

Annotations:
D:3 HAL9000's ghost, amateur GrGl
D:5 Dowan; Duvessa; Eustachio


Innate Abilities, Weirdness & Mutations

You can breathe blasts of fire.
Your fiery red scales are hard. (AC +6)
You cannot fit into any form of body armour.
Your flesh is heat resistant. (rF+)
You are cold-blooded and may be slowed by cold attacks.


Message History

The orb of energy explodes!
You are feeling very hungry.
The ogre hits you with a giant spiked club!
Casting: Iskenderun's Mystic Blast
Confirm with . or Enter, or press ? or * to list all spells.
Aiming: Iskenderun's Mystic Blast
Press: ? - help, Shift-Dir - straight line, f/p - ogre
Aim: an ogre, wielding a giant spiked club (severely wounded)
You miscast Iskenderun's Mystic Blast.
You are very lightly contaminated with residual magic.
A wave of violent energy washes through your body!
* * * LOW HITPOINT WARNING * * *
Casting: Iskenderun's Mystic Blast
Confirm with . or Enter, or press ? or * to list all spells.
Aiming: Iskenderun's Mystic Blast
Press: ? - help, Shift-Dir - straight line, f/p - ogre
Aim: an ogre, wielding a giant spiked club (severely wounded)
The orb of energy misses the ogre.
The ogre hits you with a giant spiked club!!
You die...

#..# #.#...........#########
##.####.#.......#.#..>......# #
#..##..........)....#######.# #
#..##.#.#.......#.#.# ##.###
#..##.#.#...........# #.....
##.....#.#.......#.#.# #.####
#.(###.#.####.####.#.#### #)#...
##.####.#.####.####÷#....# #.##..
........#......O@...#.##.# #.....
##.####..........###>#.#.###.....
#.# #.######......###...###...#
#.# #.# ###.###.#.#.......P.
#.####.########.####.##.####.P.P
#.##...##.......................
##†##...##.#####.#######.........
##.##..###.# ##.# #.#####.##
##.##......# #..#######.# #...##


You could see an ogre.

Vanquished Creatures
  The ghost of Wendigo the Changer, an amateur DrTm of Dithmenos (D:4)
  Menkaure (D:4)
  An ogre (D:4)
  2 hounds (D:4)
  An orc wizard (D:3)
  Crazy Yiuf (D:4)
  2 worker ants (D:4)
  A hound skeleton (D:4)
  4 gnolls
  5 adders
  2 oozes
  A worm (D:3)
  3 dart slugs
  2 leopard geckos
  7 orcs
  A ball python (D:3)
  8 bats
  8 giant cockroaches
  10 goblins
  9 hobgoblins
  3 quokkas
  4 frilled lizards
  6 kobolds
  7 rats
90 creatures vanquished.

Vanquished Creatures (others)
  A fungus (D:4)
  2 withered plants (D:4)
3 creatures vanquished.

Grand Total: 93 creatures vanquished

Notes
Turn   | Place    | Note
-------+----------+-------------------------------------------
     0 | D:1      | Ijustatesigmund the Draconian Conjurer began the quest for the Orb.
     0 | D:1      | Reached XP level 1. HP: 14/14 MP: 3/3
   144 | D:1      | Reached skill level 1 in Fighting
   151 | D:1      | Reached XP level 2. HP: 21/23 MP: 1/5
   778 | D:1      | Reached XP level 3. HP: 10/29 MP: 0/7
  1209 | D:2      | Learned a level 2 spell: Searing Ray
  1213 | D:2      | Learned a level 3 spell: Dazzling Spray
  1772 | D:2      | Reached XP level 4. HP: 32/36 MP: 4/8
  1939 | D:2      | Reached skill level 1 in Hexes
  2057 | D:2      | Found a glowing golden altar of the Shining One.
  2190 | D:3      | Found a faded altar of an unknown god.
  2316 | D:3      | Reached XP level 5. HP: 38/41 MP: 8/10
  2604 | D:3      | Learned a level 4 spell: Iskenderun's Mystic Blast
  3106 | D:4      | Found an ancient bone altar of Kikubaaqudgha.
  3119 | D:4      | Noticed Wendigo's ghost (amateur DrTm)
  3260 | D:3      | Noticed HAL9000's ghost (amateur GrGl)
  3450 | D:5      | Entered Level 5 of the Dungeon
  3602 | D:5      | Noticed Eustachio
  3637 | D:4      | Killed Wendigo's ghost
  3637 | D:4      | Reached skill level 5 in Conjurations
  3637 | D:4      | Reached XP level 6. HP: 31/48 MP: 10/12
  3797 | D:4      | Found a bloodstained altar of Trog.
  4195 | D:4      | Found a runed door.
  4199 | D:4      | Noticed Crazy Yiuf
  4203 | D:4      | Killed Crazy Yiuf
  4279 | D:4      | Noticed Menkaure
  4292 | D:4      | Killed Menkaure
  4292 | D:4      | Your scales start taking on a fiery red colour.
  4292 | D:4      | Reached XP level 7. HP: 10/55 MP: 4/14
  4292 | D:4      | Gained mutation: Your flesh is heat resistant. (rF+) [Red Draconian growth]
  4625 | D:4      | Reached skill level 6 in Conjurations
  4849 | D:5      | Noticed Duvessa
  4849 | D:5      | Noticed Dowan
  5078 | D:4      | Demolished by an ogre

Vault maps used:
D:1:      dpeg_arrival_solitude
D:2:      lemuel_crystal_altar, nicolae_overflow_hidden_temple, st_stairs_10,
          minmay_misc_feat_secret_circle, serial_bayou_ford_a
D:3:      chequers_ecumenical_altar_simple, nrook_loot_triangle,
          kennysheep_generic_room_6
D:4:      lemuel_crystal_altar, kiku_gazebo_garden_becter, uniq_menkaure,
          uniq_crazy_yiuf_cottage
D:5:      grunt_dithmenos_shadows, first_bread, dk_noncrumbling_4,
          chequers_big_river, kennysheep_small_circle, uniq_eustachio,
          uniq_sigmund, uniq_duvessa

Skill      XL: |  1  2  3  4  5  6  7 |
---------------+----------------------+-----
Fighting       | 1 2 |  2.1
Spellcasting   | 3 4 |  4.9
Hexes          | 1 2 3 |  3.8
Conjurations   | 5 6 |  6.0
Dodging        | |  1.7
Stealth        | |  1.7

Action                   |  1- 3 |  4- 6 |  7- 9 || total
-------------------------+-------+-------+-------++-------
Melee: Unarmed           |    29 |       |       ||    29
       Tailslap          |     6 |    13 |       ||    19
       Whip              |    19 |     1 |       ||    20
       Flail             |       |    41 |       ||    41
       Quarterstaff      |       |   105 |     7 ||   112
 Cast: Magic Dart        |    65 |    30 |    12 ||   107
       Searing Ray       |       |     2 |       ||     2
       Dazzling Spray    |       |     1 |     3 ||     4
       Iskenderun's Myst |       |     1 |     4 ||     5
 Abil: Breathe Fire      |       |       |     1 ||     1
  Use: Scroll            |     8 |     6 |       ||    14
       Potion            |       |     3 |       ||     3
 Stab: Sleeping          |     1 |     3 |       ||     4
       Distracted        |       |     1 |       ||     1
  Eat: Chunk             |     3 |     6 |     3 ||    12
       Royal jelly       |       |     1 |       ||     1
Armor: Skin              |    22 |    36 |     7 ||    65
Dodge: Dodged            |    45 |    96 |     6 ||   147
